 Dungeon Crawl Stone Soup version 0.30-a0-141-g30f27751c5 (webtiles) character file.

Game seed: 665798022018420149

685 qw the Chopper (level 7, -5/43 HPs)
             Began as a Gargoyle Fighter on Sept 25, 2022.
             Slain by an ogre
             ... wielding a +0 giant club
              (15 damage)
             ... on level 4 of the Dungeon.
             The game lasted 00:01:39 (4012 turns).

qw the Chopper (Gargoyle Fighter)                   Turns: 4012, Time: 00:01:40

Health: -5/43      AC: 20    Str: 19 (21) XL:     7   Next: 62%
Magic:  7/7        EV:  7    Int:  8 (9)  God:
Gold:   144        SH:  4    Dex:  7 (9)  Spells: 6/6 levels left

rFire   . . .      SeeInvis .    Y - +0 war axe (freeze)
rCold   . . .      Faith    .    c - +0 buckler
rNeg    + . .      Spirit   .    h - +0 chain mail
rPois   inf        Reflect  .    j - +2 helmet
rElec   +          Harm     .    (no cloak)
rCorr   .          Rampage  .    f - +2 pair of gloves
Will    .....                    (no boots)
Stlth   ..........               (no amulet)
HPRegen 0.14/turn                (no ring)
MPRegen 0.10/turn                (no ring)

@: no status effects
A: sickness immunity, AC +4, negative energy resistance 1, electricity
resistance, torment resistance 1, petrification resistance, mutation resistance
1
a: no special abilities


You were on level 4 of the Dungeon.
You visited 1 branch of the dungeon, and saw 4 of its levels.

You collected 144 gold pieces.


Innate Abilities, Weirdness & Mutations

You are immune to sickness and miasma.
Your stone body is resilient. (AC +4)
You are immune to poison.
You resist negative energy. (rN+)
You are resistant to electric shocks. (rElec)
You are resistant to unholy torment.
You are immune to petrification.
You are somewhat resistant to further mutation.


   Skills:
 + Level 4.0 Fighting
 - Level 7.3 Axes
 - Level 3.2 Armour
 - Level 0.1 Dodging
 - Level 3.2 Shields


You had 6 spell levels left.
You didn't know any spells.
Your spell library was empty.

Inventory:

Hand Weapons
 b - a +1 vampiric whip
 Y - a +0 war axe of freezing (weapon)
Armour
 c - a +0 buckler (worn)
 f - a +2 pair of gloves (worn)
 h - a +0 chain mail (worn)
 j - a +2 helmet (worn)
Scrolls
 m - a scroll of identify
Potions
 a - a potion of invisibility {unknown}
 d - a potion of might
 e - a potion of attraction
 g - a potion of haste {unknown}
 n - a potion of curing {unknown}
 o - a potion of mutation
 p - a potion of heal wounds {unknown}

Dungeon Overview and Level Annotations

Branches:
Dungeon (4/15)
 Temple: D:4-7

Altars:
Wu Jian


Message History

Sigmund hits you but does no damage.
You hit Sigmund but do no damage.
Sigmund is severely wounded.
Sigmund hits you but does no damage.
You closely miss Sigmund.
Sigmund is severely wounded.
You block Sigmund's attack.
You closely miss Sigmund.
Sigmund is severely wounded.
Sigmund hits you but does no damage.
You barely miss Sigmund.
Sigmund is severely wounded.
You slash Sigmund! You freeze Sigmund.
You kill Sigmund!
You feel your intelligence returning.
Your Axes skill increases to level 7!
You start resting.
HP restored.
Things that are here:
a +2 scythe of venom; a +0 robe; the human corpse of Sigmund You open the door.
There is an open door here.
There is an open door here.
You open the door.
An ogre comes into view. It is wielding a +0 giant club.
The ogre shouts!
Found an escape hatch in the floor.
Enter note:
Enter note:
Enter note: You barely miss the ogre.
The ogre hits you with a +0 giant club!!
You barely miss the ogre. You block the ogre's attack.
You barely miss the ogre. You barely miss the ogre.
The ogre hits you with a +0 giant club!
You closely miss the ogre. The ogre hits you with a +0 giant club!
You die...

............####.###
##########.........####
#.#####.#...... #.#
##....##### #.# #.....#
#.# ##...## ### ##.##
#.# #@# #O# ..# ...#
..... .....# +..>..#
#.....#


You could see an ogre.

Vanquished Creatures
  Grinder (D:3)
  Sigmund (D:4)
  A jelly (D:4)
  An orc priest (D:4)
  Natasha (thrice) (D:2)
  Robin (D:2)
  4 gnolls (D:2)
  7 adders
  2 worms
  8 orcs (D:4)
  2 endoplasms
  5 giant cockroaches
  17 goblins
  6 hobgoblins
  2 jackals (D:3)
  9 kobolds
  3 quokkas (D:1)
  7 ball pythons
  10 bats
  A frilled lizard (D:1)
  4 rats
95 creatures vanquished.

Notes
Turn   | Place    | Note
-------+----------+-------------------------------------------
     0 | D:1      | qw the Gargoyle Fighter began the quest for the Orb.
     0 | D:1      | Reached XP level 1. HP: 14/14 MP: 1/1
     0 | D:1      | 0 ||| qw: Version: 0.2-a-10-g399e6c4
     0 | D:1      | 0 ||| qw: Game counter: 346
     0 | D:1      | 0 ||| qw: Always use a shield: true
     0 | D:1      | 0 ||| qw: God list: Okawaru
     0 | D:1      | 0 ||| qw: Allow faded altars: false
     0 | D:1      | 0 ||| qw: Do Orc after D:15 true
     0 | D:1      | 0 ||| qw: Do second Lair branch before Depths: true
     0 | D:1      | 0 ||| qw: Lair rune preference: random
     0 | D:1      | 0 ||| qw: Plans: Normal, Zot:1-4, God:TSO, Crypt, Tomb,
                  | Pan, Slime:5, Hells, Abyss, Orb
     0 | D:1      | 0 ||| PLANNING D:1-11
    54 | D:1      | Reached skill level 2 in Axes
   127 | D:1      | Reached XP level 2. HP: 15/19 MP: 2/2
   535 | D:1      | Reached skill level 3 in Axes
   669 | D:1      | 669 ||| Stepping ~*~*~tactically~*~*~ (stealth).
   735 | D:1      | Reached XP level 3. HP: 23/23 MP: 3/3
   786 | D:1      | 786 ||| DROPPING +0 club.
   852 | D:1      | 852 ||| UPGRADING to +0 chain mail.
   862 | D:1      | 862 ||| DROPPING +0 scale mail.
   863 | D:1      | 863 ||| READING 2 scrolls labelled TEKOV VIURIJI.
   864 | D:1      | 864 ||| READING scroll labelled MAHUNK TAYTOURR.
   865 | D:1      | 865 ||| READING scroll labelled FAZIECODUG.
   866 | D:1      | 866 ||| READING scroll labelled ENIWIO JOGGOPO.
   867 | D:1      | 867 ||| DRINKING 2 cyan potions.
   868 | D:1      | 868 ||| DROPPING scroll of poison.
   869 | D:1      | 869 ||| DROPPING potion of brilliance.
  1013 | D:2      | Noticed Natasha
  1014 | D:2      | 1014 ||| Stepping ~*~*~tactically~*~*~ (stealth).
  1114 | D:2      | 1114 ||| FLEEEEING.
  1223 | D:2      | 1223 ||| Stepping ~*~*~tactically~*~*~ (hiding).
  1233 | D:2      | Killed Natasha
  1234 | D:2      | Reached XP level 4. HP: 15/28 MP: 4/4
  1380 | D:2      | 1380 ||| Stepping ~*~*~tactically~*~*~ (hiding).
  1392 | D:2      | Reached skill level 4 in Axes
  1480 | D:2      | Noticed Natasha
  1482 | D:2      | Killed Natasha
  1582 | D:2      | Noticed Natasha
  1590 | D:2      | Killed Natasha
  1591 | D:2      | Reached XP level 5. HP: 28/32 MP: 5/5
  1684 | D:2      | 1684 ||| Stepping ~*~*~tactically~*~*~ (stealth).
  1686 | D:2      | 1686 ||| Stepping ~*~*~tactically~*~*~ (stealth).
  1773 | D:2      | 1773 ||| Stepping ~*~*~tactically~*~*~ (hiding).
  1779 | D:2      | Reached skill level 5 in Axes
  1779 | D:2      | 1779 ||| Stepping ~*~*~tactically~*~*~ (stealth).
  1799 | D:2      | Noticed Robin
  1807 | D:2      | Killed Robin
  1808 | D:2      | 1808 ||| FLEEEEING.
  1809 | D:2      | 1809 ||| FLEEEEING.
  1810 | D:2      | 1810 ||| FLEEEEING.
  1811 | D:2      | 1811 ||| FLEEEEING.
  1812 | D:2      | 1812 ||| FLEEEEING.
  1813 | D:2      | 1813 ||| FLEEEEING.
  1814 | D:2      | 1814 ||| FLEEEEING.
  1815 | D:2      | 1815 ||| FLEEEEING.
  1816 | D:2      | 1816 ||| FLEEEEING.
  1817 | D:2      | 1817 ||| FLEEEEING.
  1818 | D:2      | 1818 ||| FLEEEEING.
  1819 | D:2      | 1819 ||| FLEEEEING.
  1820 | D:2      | 1820 ||| FLEEEEING.
  1821 | D:2      | 1821 ||| FLEEEEING.
  1822 | D:2      | 1822 ||| FLEEEEING.
  1823 | D:2      | 1823 ||| FLEEEEING.
  1824 | D:2      | 1824 ||| FLEEEEING.
  1825 | D:2      | 1825 ||| FLEEEEING.
  1826 | D:2      | 1826 ||| FLEEEEING.
  1827 | D:2      | 1827 ||| FLEEEEING.
  1828 | D:2      | 1828 ||| FLEEEEING.
  1829 | D:2      | 1829 ||| FLEEEEING.
  1830 | D:2      | 1830 ||| FLEEEEING.
  1831 | D:2      | 1831 ||| FLEEEEING.
  1832 | D:2      | 1832 ||| FLEEEEING.
  1833 | D:2      | 1833 ||| FLEEEEING.
  1834 | D:2      | 1834 ||| FLEEEEING.
  1835 | D:2      | 1835 ||| FLEEEEING.
  1836 | D:2      | 1836 ||| FLEEEEING.
  1837 | D:2      | 1837 ||| FLEEEEING.
  1838 | D:2      | 1838 ||| FLEEEEING.
  1839 | D:2      | 1839 ||| FLEEEEING.
  1840 | D:2      | 1840 ||| FLEEEEING.
  1841 | D:2      | 1841 ||| FLEEEEING.
  1842 | D:2      | 1842 ||| FLEEEEING.
  1843 | D:2      | 1843 ||| FLEEEEING.
  1844 | D:2      | 1844 ||| FLEEEEING.
  1845 | D:2      | 1845 ||| FLEEEEING.
  1846 | D:2      | 1846 ||| FLEEEEING.
  1847 | D:2      | 1847 ||| FLEEEEING.
  1848 | D:2      | 1848 ||| FLEEEEING.
  1849 | D:2      | 1849 ||| FLEEEEING.
  1850 | D:2      | 1850 ||| FLEEEEING.
  1851 | D:2      | 1851 ||| FLEEEEING.
  1852 | D:2      | 1852 ||| FLEEEEING.
  1853 | D:2      | 1853 ||| FLEEEEING.
  1854 | D:2      | 1854 ||| FLEEEEING.
  1856 | D:2      | 1856 ||| FLEEEEING.
  1857 | D:2      | 1857 ||| FLEEEEING.
  1858 | D:2      | 1858 ||| FLEEEEING.
  1859 | D:2      | 1859 ||| FLEEEEING.
  1860 | D:2      | 1860 ||| FLEEEEING.
  1861 | D:2      | 1861 ||| FLEEEEING.
  1862 | D:2      | 1862 ||| FLEEEEING.
  1863 | D:2      | 1863 ||| FLEEEEING.
  1864 | D:2      | 1864 ||| FLEEEEING.
  1995 | D:2      | 1995 ||| Stepping ~*~*~tactically~*~*~ (stealth).
  2477 | D:2      | 2477 ||| UPGRADING to +2 helmet.
  2482 | D:2      | 2482 ||| READING scroll labelled GEUCALL YRGHOTT.
  2483 | D:2      | 2483 ||| READING scroll labelled QOHASUE UGATUG.
  2484 | D:2      | 2484 ||| DRINKING 2 fuming amethyst potions.
  2485 | D:2      | 2485 ||| DRINKING 2 yellow potions.
  2486 | D:2      | 2486 ||| DROPPING potion of flight.
  2529 | D:3      | 2529 ||| DROPPING +0 whip.
  2630 | D:3      | Reached XP level 6. HP: 33/38 MP: 6/6
  2680 | D:3      | Found an ornate altar of the Wu Jian Council.
  2724 | D:3      | 2724 ||| Stepping ~*~*~tactically~*~*~ (stealth).
  3013 | D:3      | Noticed Grinder
  3020 | D:3      | Killed Grinder
  3021 | D:3      | Reached skill level 6 in Axes
  3021 | D:3      | Reached XP level 7. HP: 28/43 MP: 7/7
  3224 | D:3      | 3224 ||| UPGRADING to +0 pair of gloves.
  3229 | D:3      | 3229 ||| READING scroll labelled EMU QOEBAZE.
  3230 | D:3      | 3230 ||| READING 2 scrolls labelled QUD JUNLEG.
  3231 | D:3      | 3231 ||| READING scroll of enchant armour.
  3231 | D:3      | 3231 ||| ENCHANTING +0 pair of gloves.
  3232 | D:3      | 3232 ||| READING scroll labelled LOUTEU TIODIA.
  3233 | D:3      | 3233 ||| DRINKING 2 murky brown potions.
  3234 | D:3      | 3234 ||| DRINKING 2 purple potions.
  3234 | D:3      | Gained mutation: You are somewhat resistant to further
                  | mutation. [potion of mutation]
  3235 | D:3      | 3235 ||| DROPPING potion of degeneration.
  3254 | D:4      | 3254 ||| Stepping ~*~*~tactically~*~*~ (hiding).
  3289 | D:4      | 3289 ||| READING scroll of enchant armour.
  3289 | D:4      | 3289 ||| ENCHANTING +1 pair of gloves.
  3890 | D:4      | Noticed Sigmund
  3891 | D:4      | 3891 ||| Stepping ~*~*~tactically~*~*~ (hiding).
  3893 | D:4      | 3893 ||| Stepping ~*~*~tactically~*~*~ (hiding).
  3910 | D:4      | Killed Sigmund
  3911 | D:4      | Reached skill level 7 in Axes
  4011 | D:4      | HP: 10/43 [ogre/+0 giant club (16)]
  4012 | D:4      | Slain by an ogre

Levels and vault maps discovered:
D:1:      nicolae_arrival_washed_ashore, layout_rooms
D:2:      minmay_inner_zag, layout_basic, uniq_robin, uniq_natasha
D:3:      layout_basic, nicolae_wu_jian_wuxing_cycle, uniq_grinder
D:4:      layout_loops_corners, serial_co_window_serial, co_window_paths_a,
          co_window_paths_a, co_window_corner_a, co_window_cross_1,
          co_window_paths_b, co_window_corner_cb, co_window_corner_cb,
          co_window_broadway_a, co_window_broadway_a, co_window_4corner_b,
          uniq_ijyb, uniq_sigmund

Skill      XL: |  1  2  3  4  5  6  7 |
---------------+----------------------+-----
Axes           | 2 3 4 5 6 7 |  7.3
Fighting       | 4 |  4.0
Armour         | |  3.2
Dodging        | |  0.1
Shields        | |  3.2

Action                   |  1- 3 |  4- 6 |  7- 9 || total
-------------------------+-------+-------+-------++-------
Melee: War axe           |   132 |   159 |    64 ||   355
  Use: Scroll            |     4 |     2 |     5 ||    11
       Potion            |     1 |     2 |     2 ||     5
Armor: Scale mail        |    46 |       |       ||    46
       Chain mail        |    26 |    92 |    29 ||   147
Dodge: Dodged            |    64 |    59 |    11 ||   134
Block: Buckler           |    26 |    22 |     8 ||    56

Table legend:
 A = Non-vault XP
 B = Vault XP
 C = Vault XP percentage of total XP
 D = Non-vault monster count
 E = Vault monster count
 F = Vault count percentage of total count
                 A         B        C        D         E       F
            +---------+---------+-------+---------+---------+-------
      Total |     394 |     585 |  59.8 |      74 |      21 |  22.1
            +---------+---------+-------+---------+---------+-------
        D:1 |      39 |       0 |   0.0 |      26 |       0 |   0.0
        D:2 |     146 |     104 |  41.6 |      16 |      19 |  54.3
        D:3 |      87 |     267 |  75.4 |      20 |       1 |   4.8
        D:4 |     122 |     214 |  63.7 |      12 |       1 |   7.7
            +---------+---------+-------+---------+---------+-------
